 Dungeon Crawl Stone Soup version 0.30-a0-313-gae38170b09 (webtiles) character file.

Game seed: 14939521165592402006

138 Devinter the Chopper (level 5, -3/46 HPs)
             Began as a Hill Orc Monk on Oct 26, 2022.
             Killed by nerve-wracking pain
             ... invoked by an orc priest
              (7 damage)
             ... on level 3 of the Dungeon.
             The game lasted 00:12:20 (2109 turns).

Devinter the Chopper (Hill Orc Monk)                Turns: 2109, Time: 00:12:21

Health: -3/46      AC:  5    Str: 16    XL:     5   Next: 21%
Magic:  5/5        EV: 11    Int: 10    God:
Gold:   130        SH:  0    Dex: 13    Spells: 4/4 levels left

rFire   . . .      SeeInvis .    a - +0 hand axe
rCold   . . .      Faith    .    (no shield)
rNeg    . . .      Spirit   .    o - +0 ring mail
rPois   .          Reflect  .    (no helmet)
rElec   .          Harm     .    (no cloak)
rCorr   .          Rampage  .    (no gloves)
Will    .....                    (no boots)
Stlth   +.........               (no amulet)
HPRegen 0.27/turn                (no ring)
MPRegen 0.09/turn                (no ring)

@: no status effects
A: no striking features
a: Convert to Beogh


You were on level 3 of the Dungeon.
You visited 1 branch of the dungeon, and saw 3 of its levels.

You collected 130 gold pieces.

Inventory:

Hand Weapons
 a - a +0 hand axe (weapon)
 e - a +1 whip of pain
 u - a +1 vampiric trident
Missiles
 f - 4 datura-tipped darts (quivered)
 r - 2 poisoned darts
Armour
 b - a +0 robe
 o - a +0 ring mail (worn)
 v - a +0 buckler
Scrolls
 d - a scroll of butterflies {unknown}
 h - a scroll of vulnerability {unknown}
 n - 2 scrolls of magic mapping {unknown}
 p - 2 scrolls of teleportation {unknown}
 q - a scroll of brand weapon {unknown}
 s - a scroll of enchant weapon {unknown}
 t - a scroll of blinking {unknown}
Potions
 c - a potion of ambrosia
 g - 2 potions of flight {unknown}
 i - a potion of magic {unknown}
 j - a potion of berserk rage {unknown}
 k - a potion of curing {unknown}
 l - a potion of attraction {unknown}
 m - a potion of cancellation {unknown}


   Skills:
 - Level 4.0 Fighting
 + Level 5.6 Axes
 + Level 2.4 Armour
 - Level 3.0 Dodging
 - Level 2.0 Stealth


You had 4 spell levels left.
You didn't know any spells.
Your spell library was empty.

Dungeon Overview and Level Annotations

Branches:
Dungeon (3/15)

Altars:


Message History

The orc priest mumbles some strange prayers to Beogh against you.
You barely resist.
The orc priest threatens, "By the altar or by the axe, you will meet Beogh!"
You slash the orc priest!
You kill the orc priest!
The orc priest hits you but does no damage.
You have reached level 5!
You feel stronger.
You barely miss the orc priest. The orc priest completely misses you.
You closely miss the orc priest. The orc priest closely misses you.
You hit the orc priest but do no damage.
The orc priest hits you with a +0 club.
* * * LOW HITPOINT WARNING * * *
The orc priest shouts, "Surrender to Beogh and we'll let you live!"
You slash the orc priest!
The orc priest is heavily wounded.
The orc priest closely misses you.
You closely miss the orc priest.
The orc priest is heavily wounded.
The orc priest calls down the wrath of Beogh upon you.
Beogh smites you!
* * * LOW HITPOINT WARNING * * *
You barely miss the orc priest.
The orc priest threatens, "By the altar or by the axe, you will meet Beogh!"
The orc priest is heavily wounded.
The orc priest shouts, "Beogh is our master!
Accept the truth or die!"
The orc priest barely misses you.
You barely miss the orc priest.
The orc priest is heavily wounded.
The orc priest looks satisfied for a moment.
You closely miss the orc priest.
The orc priest is heavily wounded.
The orc priest hits you with a +0 club.
* * * LOW HITPOINT WARNING * * *
The orc priest shouts, "Beogh is our master!
Accept the truth or die!"
You hit the orc priest.
The orc priest is almost dead.
The orc priest calls down the wrath of Beogh upon you.
Pain shoots through your body!
You die...

.....# #.#
##..†##
..)..# #.#
#.#...#
....##
#.######...##
.##.###
#.##.......#
....).#
#.##.#####.#
....#[#
#.##.# #.#
#####)#
#.##.# #.#
#<#
#.##.#####.#
#.#
#.@o).......
#.#
####.######
#.# #....#
#.# #.##.#
#.# #.o # #.#
... #.# ....
.... #.#...


You could see an orc priest.

Vanquished Creatures
  An orc priest (D:3)
  2 adders (D:3)
  A gnoll (D:1)
  A worm (D:3)
  4 dart slugs
  6 orcs (D:3)
  5 ball pythons
  3 endoplasms
  2 giant cockroaches
  6 hobgoblins
  4 kobolds
  5 quokkas
  5 bats
  A frilled lizard (D:2)
  8 goblins
  5 rats
59 creatures vanquished.

Notes
Turn   | Place    | Note
-------+----------+-------------------------------------------
     0 | D:1      | Devinter the Hill Orc Monk began the quest for the Orb.
     0 | D:1      | Reached XP level 1. HP: 19/19 MP: 1/1
   111 | D:1      | Reached XP level 2. HP: 25/27 MP: 2/2
   221 | D:1      | Reached skill level 2 in Stealth
   224 | D:1      | Reached skill level 4 in Fighting
   228 | D:1      | Reached XP level 3. HP: 25/33 MP: 3/3
   965 | D:2      | Found a faded altar of an unknown god.
  1253 | D:2      | Reached skill level 3 in Dodging
  1511 | D:2      | Reached XP level 4. HP: 40/40 MP: 4/4
  1646 | D:3      | Reached skill level 1 in Armour
  1658 | D:3      | Reached skill level 5 in Axes
  2092 | D:3      | Reached skill level 2 in Armour
  2101 | D:3      | Reached XP level 5. HP: 16/46 MP: 5/5
  2108 | D:3      | HP: 4/46 [orc priest/+0 club (3)]
  2109 | D:3      | Killed from afar by an orc priest

Illustrated notes

Levels and vault maps discovered:
D:1:      minmay_arrival_hallway, layout_basic
D:2:      layout_loops_corners, dilly_ecumenical_altar_fadedgnrine
D:3:      layout_loops_ring, serial_aquarium, aquarium_bridge_square
          [aquarium_subvault_wall, aquarium_subvault_bridge,
          aquarium_subvault_balcony, aquarium_subvault_wall], aquarium_window_1,
          aquarium_window_fake, aquarium_window_fake, aquarium_window_fake,
          aquarium_view_2a, aquarium_balcony_3b, aquarium_pool_1, st_stairs_11,
          reono_crystal_passage, skrybe_limestone_x

Skill      XL: |  1  2  3  4 |
---------------+-------------+-----
Stealth        | 2 |  2.0
Fighting       | 4 |  4.0
Dodging        | 3 |  3.0
Armour         | 2 |  2.4
Axes           | 5 |  5.6

Action                   |  1- 3 |  4- 6 || total
-------------------------+-------+-------++-------
Melee: Hand axe          |    98 |   109 ||   207
       Punch             |     2 |     1 ||     3
 Stab: Sleeping          |    10 |       ||    10
Armor: Robe              |     6 |       ||     6
       Ring mail         |    13 |    34 ||    47
Dodge: Dodged            |    56 |    54 ||   110

Table legend: (Time is in decaauts)
 A = Elapsed time spent in this place.
 B = Non-inter-level travel time spent in this place.
 C = Inter-level travel time spent in this place.
 D = Time resting spent in this place.
 E = Time spent auto-exploring this place.
 F = Levels seen in this place.
 G = Mean time per level.
                   A        B        C        D        E       F      G
               +--------+--------+--------+--------+--------+-----+--------+
         Total |   2120 |   2071 |     49 |    241 |    636 |   3 |  706.7 |
       Dungeon |   2120 |   2071 |     49 |    241 |    636 |   3 |  706.7 |
               +--------+--------+--------+--------+--------+-----+--------+

Top non-repeatable levels by time:
     D:2: 831 daAuts
     D:1: 812 daAuts
     D:3: 477 daAuts
